 Dungeon Crawl Stone Soup version 0.28-a0-1485-g077359a4bf (webtiles) character file.

Game seed: 724940493210103451

2 sanka the Caller (level 1, -1/13 HPs)
             Began as a Gnoll Summoner on Jan 11, 2022.
             Slain by a hobgoblin (4 damage)
             ... on level 1 of the Dungeon.
             The game lasted 00:00:14 (116 turns).

sanka the Caller (Gnoll Summoner)                    Turns: 116, Time: 00:00:15

Health: -1/13      AC:  2    Str:  7    XL:     1   Next: 30%
Magic:  6/6        EV: 13    Int: 14    God:
Gold:   0          SH:  0    Dex: 12    Spells: 8/9 levels left

rFire   . . .      SeeInvis .   (no weapon)
rCold   . . .      Faith    .   (no shield)
rNeg    . . .      Spirit   .   a - +0 robe
rPois   .          Reflect  .   (no helmet)
rElec   .          Harm     .   (no cloak)
rCorr   .          Rampage  .   (no gloves)
Will    .....                   (no boots)
Stlth   ++........              (no amulet)
HPRegen 0.04/turn               (no ring)
MPRegen 0.10/turn               (no ring)

@: no status effects
A: fangs 1, strong nose, distributed training
a: no special abilities


You were on level 1 of the Dungeon.
You visited 1 branch of the dungeon, and saw 1 of its levels.


Innate Abilities, Weirdness & Mutations

You have very sharp teeth.
Your uncanny sense of smell can sniff out nearby items.
Your experience applies equally to all skills.


   Skills:
 + Level 0.0 Fighting
 + Level 0.0 Short Blades
 + Level 0.0 Long Blades
 + Level 0.0 Axes
 + Level 0.0 Maces & Flails
 + Level 0.0 Polearms
 + Level 0.0 Staves
 + Level 0.0 Slings
 + Level 0.0 Bows
 + Level 0.0 Crossbows
 + Level 0.0 Throwing
 + Level 0.0 Armour
 + Level 4.4 Dodging
 + Level 4.0 Stealth
 + Level 0.0 Shields
 + Level 0.0 Unarmed Combat
 + Level 4.8 Spellcasting
 + Level 0.0 Conjurations
 + Level 0.0 Hexes
 + Level 7.0 Summonings
 + Level 0.0 Necromancy
 + Level 0.0 Translocations
 + Level 0.0 Transmutations
 + Level 0.0 Fire Magic
 + Level 0.0 Ice Magic
 + Level 0.0 Air Magic
 + Level 0.0 Earth Magic
 + Level 0.0 Poison Magic
 + Level 0.1 Invocations
 + Level 0.0 Evocations


You had 8 spell levels left.
You knew the following spells:

 Your Spells              Type           Power      Damage    Failure   Level
z - Summon Small Mammal   Summ           92%        N/A       1%          1

Your spell library contained the following spells:

 Spells                   Type           Power      Damage    Failure   Level
 Call Imp                 Summ           23%        N/A       1%          2
 Call Canine Familiar     Summ           23%        N/A       3%          3
 Summon Guardian Golem    Hex/Summ       13%        N/A       12%         3
 Summon Lightning Spire   Summ/Air       13%        N/A       38%         4

Inventory:

Armour
 a - a +0 robe (worn)

Dungeon Overview and Level Annotations

Branches:
Dungeon (1/15)

Altars:

▒.▒▒.▒.. ▒▒. ▒.▒.......▒
▒.▒..... ▒.... ▒.▒.......▒
▒.......
................▒▒▒.......
..▒..▒.▒.......▒▒...▒▒▒..
... ..▒.......▒▒...▒ ▒..
▒..▒.▒.......▒▒..)▒▒▒..
▒▒▒▒..▒.▒.[...).▒▒▒.......
.......Bgg.▒ ▒▒.....▒
▒▒▒▒▒▒r▒▒▒▒ ▒▒...▒▒
▒.▒▒▒▒▒▒▒▒ ▒▒.▒▒
▒.▒......▒ ▒.▒
▒.▒.▒▒▒▒.▒▒▒▒▒▒▒.▒
▒.▒.▒▒▒▒........(▒
▒........▒▒▒▒▒▒▒▒▒
▒▒▒.▒▒▒▒.▒ ▒......▒


You could see a giant cockroach, a hobgoblin (ally target) and a friendly rat
(summoned).


Message History

Your rat closely misses the hobgoblin.
You barely miss the hobgoblin.
You punch the hobgoblin, but do no damage.
Your bite misses the hobgoblin.
The hobgoblin is almost dead.
The hobgoblin misses you.
Your rat misses the hobgoblin.
Unknown command.
You hit the hobgoblin but do no damage.
The hobgoblin is almost dead.
The hobgoblin barely misses you.
Your rat closely misses the hobgoblin.
You completely miss the hobgoblin.
The hobgoblin is almost dead.
The hobgoblin closely misses you.
Your rat completely misses the hobgoblin.
You barely miss the hobgoblin.
The hobgoblin is almost dead.
The hobgoblin hits you.
* * * LOW HITPOINT WARNING * * *
Your rat bites the hobgoblin but does no damage.
You barely miss the hobgoblin.
You bite the hobgoblin, but do no damage.
The hobgoblin is almost dead.
The hobgoblin hits you but does no damage.
Your rat barely misses the hobgoblin.
You closely miss the hobgoblin.
The hobgoblin is severely wounded.
The hobgoblin hits you.
You die...

Action                   || total
-------------------------++-------
Melee: Unarmed           ||    14
       Punch             ||     1
       Bite              ||     1
 Cast: Summon Small Mamm ||     3
Armor: Robe              ||     1
Dodge: Dodged            ||    10

Levels and vault maps discovered:
D:1:      psy_arrival_spokes, layout_loops_cross, ebering_ecumenical_altar_ruins

Notes
Turn   | Place    | Note
-------+----------+-------------------------------------------
     0 | D:1      | sanka the Gnoll Summoner began the quest for the Orb.
     0 | D:1      | Reached XP level 1. HP: 13/13 MP: 6/6
   116 | D:1      | Slain by a hobgoblin

Vanquished Creatures (collateral kills)
  A kobold (D:1)
  A rat (D:1)
2 creatures vanquished.
